Map: Backwater LE

Players

bly - Winner!

  • Race: Zerg Zerg
  • Spawn Location: 11:00

Nerchio

  • Race: Zerg Zerg
  • Spawn Location: 5:00

Event: WESG 2017 Haikou

VOD

Have the link to the VOD?

Description

Time

  • Played on: March 13, 2018, 1:04 a.m.
  • Length: 4:21

All games in this series

Show
View Real Time Build Order
Export as new Build Order

bly Zerg - Winner!

Build Orders: Pool Only 

Get SALT Encoding   

  12  0:17  Spawning Pool  
  11  0:21  Drone  
  11  0:27  Drone  
  13  0:31  Drone  
  14  0:40  Overlord  
  14  1:03  Zergling x2  
  14  1:04  Zergling x2  
  16  1:05  Zergling x2  
  17  1:15  Zergling x2  
  18  1:28  Zergling x2  
  19  1:37  Zergling x2  
  20  1:56  Spine Crawler, Zergling x2  
  20  2:02  Spine Crawler  
  20  2:04  Spine Crawler  
  11  2:37  Zergling x6  
  11  2:42  Spine Crawler  
  11  2:51  Zergling x2  
  11  3:07  Zergling x2  
  12  3:25  Zergling x2  
  13  3:27  Zergling x2  
  9  3:57  Zergling x4  
Show
View Real Time Build Order
Export as new Build Order

Nerchio Zerg 

Build Orders: Hatch First 

Get SALT Encoding   

  12  0:01  Drone  
  13  0:12  Overlord  
  13  0:17  Drone  
  14  0:31  Drone x2  
  16  0:50  Hatchery  
  16  0:52  Drone  
  16  0:56  Drone  
  17  0:59  Drone  
  18  1:05  Extractor  
  17  1:14  Spawning Pool  
  17  1:17  Drone  
  17  1:22  Drone  
  18  1:29  Drone  
  19  2:01  Zergling x8  
  19  2:10  Queen  
  19  2:13  Zergling x4  
  14  2:40  Drone  
  14  2:47  Zergling x2  
  15  2:55  Zergling x2  
  16  3:04  Zergling x2  
  15  3:11  Drone  
  15  3:31  Spine Crawler  
  14  3:36  Drone  
  10  4:02  Drone  
Tags
 
Add a new tag
Caveats
  • Supply blocks, unpowered buildings, or Contaminate may cause inaccurate times.
  • Supply counts are checked every 10 seconds.